 Dungeon Crawl Stone Soup version 0.29-a0-283-ga02f740833 (webtiles) character file.

Game seed: 6033937376080149288

1869 PaleWalker the Gusty (level 9, 0/65 HPs)
             Began as a Gnoll Wanderer on Mar 13, 2022.
             Was a Priest of Qazlal.
             Slain by a cyan ugly thing (17 damage)
             ... on level 6 of the Dungeon.
             The game lasted 00:16:15 (6796 turns).

PaleWalker the Gusty (Gnoll Wanderer)               Turns: 6796, Time: 00:16:15

Health: 0/65       AC: 13    Str: 15    XL:     9   Next: 13%
Magic:  15/18      EV: 11    Int: 18    God:    Qazlal [***...]
Gold:   264        SH:  3    Dex: 12    Spells: 13/20 levels left

rFire   . . .      SeeInvis .   o - +6 glaive
rCold   + . .      Faith    +   (shield currently unavailable)
rNeg    . . .      Spirit   .   t - +4 ring mail
rPois   .          Reflect  .   d - +0 helmet
rElec   .          Harm     .   (no cloak)
rCorr   .          Rampage  .   s - +0 pair of gloves
Will    .....                   r - +0 pair of boots
Stlth   ++........              q - amulet of faith
HPRegen 0.20/turn               f - +6 ring of strength
MPRegen 0.16/turn               i - ring of protection from cold

@: about to teleport
A: fangs 1, strong nose, distributed training
a: Renounce Religion, Upheaval, Elemental Force


You were on level 6 of the Dungeon.
You worshipped Qazlal.
Qazlal was most pleased with you.
You visited 1 branch of the dungeon, and saw 7 of its levels.

You collected 264 gold pieces.

Inventory:

Hand Weapons
 a - a +0 dagger of electrocution
 o - a +6 glaive (weapon)
Missiles
 k - 6 curare-tipped darts
Armour
 c - a +0 robe
 d - a +0 helmet (worn)
 r - a +0 pair of boots (worn)
 s - a +0 pair of gloves (worn)
 t - a +4 ring mail (worn)
Jewellery
 f - a +6 ring of strength (left hand)
 i - a ring of protection from cold (right hand)
 q - an amulet of faith (around neck)
Wands
 b - a wand of iceblast (3)
Scrolls
 g - a scroll of holy word
 h - a scroll of vulnerability
 j - a scroll of fear
 l - 3 scrolls of identify
 n - 2 scrolls of noise
 p - a scroll of teleportation
 u - a scroll of immolation
 v - a scroll of silence {unknown}
Potions
 e - 3 potions of curing
 m - 3 potions of flight


   Skills:
 + Level 3.9 Fighting
 + Level 3.9 Short Blades
 + Level 3.9 Long Blades
 + Level 3.9 Axes
 + Level 3.9 Maces & Flails
 + Level 3.9 Polearms
 + Level 3.9 Staves
 + Level 3.9 Slings
 + Level 3.9 Bows
 + Level 3.9 Crossbows
 + Level 3.9 Throwing
 + Level 3.9 Armour
 + Level 3.9 Dodging
 + Level 4.6 Stealth
 + Level 3.9 Shields
 + Level 3.9 Unarmed Combat
 + Level 6.4 Spellcasting
 + Level 3.2 Conjurations
 + Level 3.2 Hexes
 + Level 3.2 Summonings
 + Level 3.2 Necromancy
 + Level 5.0 Translocations
 + Level 3.2 Transmutations
 + Level 3.2 Fire Magic
 + Level 3.2 Ice Magic
 + Level 7.9 Air Magic
 + Level 3.2 Earth Magic
 + Level 3.2 Poison Magic
 + Level 5.1 Invocations
 + Level 3.9 Evocations


You had 13 spell levels left.
You knew the following spells:

 Your Spells              Type           Power      Damage    Failure   Level
a - Shock                 Conj/Air       100%       1d9       2%          1
b - Static Discharge      Conj/Air       25%        N/A       3%          2
c - Apportation           Tloc           48%        N/A       2%          1
d - Gell's Gravitas       Tloc           24%        N/A       8%          3

Your spell library contained the following spells:

 Spells                   Type           Power      Damage    Failure   Level
 Summon Lightning Spire   Summ/Air       25%        N/A       22%         4


Dungeon Overview and Level Annotations

Branches:
Dungeon (7/15)
 Temple: D:4-7

Altars:
Ashenzari
Cheibriados
Elyvilon
Makhleb
Qazlal
Sif Muna
Trog
Zin


Innate Abilities, Weirdness & Mutations

You have very sharp teeth.
Your uncanny sense of smell can sniff out nearby items.
Your experience applies equally to all skills.


Message History

Unknown command.
You start resting.
Magic restored.
You climb downwards.
You block the cyan ugly thing's attack.
The ogre hits you with a +0 giant spiked club.
The cyan ugly thing completely misses you.
There is a stone staircase leading up here.
The cyan ugly thing closely misses you. The ogre misses you.
You climb upwards.
There is a stone staircase leading down here.
Aiming: Iceblast
Press: ? - help, Shift-Dir - straight line
Okay, then.
Press: ? - help, v - describe, . - travel, g - get item
Here: a cyan ugly thing
Items here: a +0 leather armour; a +0 whip.
The floor.
Okay, then.
Unknown command.
Unknown command.
You hit the cyan ugly thing.
The cyan ugly thing is lightly wounded.
The cyan ugly thing claws you! The cyan ugly thing shocks you!
The ogre is engulfed in freezing vapours.
You block the ogre's attack.
Aiming: Upheaval
Press: ? - help, Dir - move target A storm cloud blasts the area with cutting wind!
You block the cyan ugly thing's attack.
Okay, then.
As you read the scroll of teleportation, it crumbles to dust.
You feel strangely unstable. The cyan ugly thing claws you.
The cyan ugly thing shocks you!
The ogre is engulfed in freezing vapours.
The ogre barely misses you.
The cyan ugly thing attacks as you move away!
The cyan ugly thing claws you.
* * * LOW HITPOINT WARNING * * *
The cyan ugly thing shocks you!
You die...

# #............##
###............##
................#
...............##
...............##
...####.........#
#####
####.#....####
##8## ##........#
8...8 #......@###
.....# ##.....uO#
....._ ##........#
.....###.........##
#...........#
#...........##
#............## .
.. #.............#
8...8
#..........##.##


You could see a cyan ugly thing and an ogre.

Vanquished Creatures
  Grinder (D:3)
  Sigmund (D:3)
  A water moccasin (D:6)
  An ice beast (D:6)
  A black bear (D:4)
  5 ogres
  A phantom (D:6)
  A scorpion (D:6)
  A howler monkey (D:6)
  6 hounds
  A jelly (D:5)
  2 orc priests (D:6)
  3 iguanas (D:5)
  Jessica (D:3)
  2 orc wizards (D:6)
  11 adders
  5 worms
  A dart slug (D:4)
  7 orcs
  8 bats
  6 endoplasms
  3 giant cockroaches
  4 goblins
  7 hobgoblins
  7 kobolds
  A quokka (D:4)
  7 ball pythons
  3 frilled lizards
  7 rats
105 creatures vanquished.

Vanquished Creatures (others)
  A quokka (D:5)
1 creature vanquished.

Grand Total: 106 creatures vanquished

Notes
Turn   | Place    | Note
-------+----------+-------------------------------------------
     0 | D:1      | PaleWalker the Gnoll Wanderer began the quest for the Orb.
     0 | D:1      | PaleWalker set off with the following items: a +0 dagger, a
                  | potion of berserk rage, a +0 robe, a +0 helmet; and the
                  | following spells available to memorise: Apportation, Shock,
                  | Static Discharge, Gell's Gravitas, Summon Lightning Spire
     0 | D:1      | Reached XP level 1. HP: 13/13 MP: 6/6
     2 | D:1      | Learned a level 1 spell: Shock
   337 | D:1      | Reached XP level 2. HP: 19/19 MP: 5/7
   557 | D:1      | Found a faded altar of an unknown god.
   565 | D:1      | Prayed at the altar of an unknown god.
   565 | D:1      | Became a worshipper of Qazlal Stormbringer
   565 | D:1      | Reached * piety under Qazlal
   918 | D:2      | Reached XP level 3. HP: 24/25 MP: 5/9
   957 | D:2      | Reached skill level 5 in Spellcasting
  1395 | D:2      | Reached skill level 1 in Fighting
  1395 | D:2      | Reached skill level 1 in Short Blades
  1395 | D:2      | Reached skill level 1 in Long Blades
  1395 | D:2      | Reached skill level 1 in Axes
  1395 | D:2      | Reached skill level 1 in Maces & Flails
  1395 | D:2      | Reached skill level 1 in Polearms
  1395 | D:2      | Reached skill level 1 in Staves
  1395 | D:2      | Reached skill level 1 in Slings
  1395 | D:2      | Reached skill level 1 in Bows
  1395 | D:2      | Reached skill level 1 in Crossbows
  1395 | D:2      | Reached skill level 1 in Throwing
  1395 | D:2      | Reached skill level 1 in Armour
  1395 | D:2      | Reached skill level 1 in Dodging
  1395 | D:2      | Reached skill level 1 in Shields
  1395 | D:2      | Reached skill level 1 in Unarmed Combat
  1395 | D:2      | Reached skill level 1 in Evocations
  1572 | D:2      | Reached XP level 4. HP: 23/32 MP: 9/11
  1939 | D:3      | Reached ** piety under Qazlal
  1979 | D:3      | Reached skill level 1 in Conjurations
  1979 | D:3      | Reached skill level 1 in Hexes
  1979 | D:3      | Reached skill level 1 in Summonings
  1979 | D:3      | Reached skill level 1 in Necromancy
  1979 | D:3      | Reached skill level 1 in Transmutations
  1979 | D:3      | Reached skill level 1 in Fire Magic
  1979 | D:3      | Reached skill level 1 in Ice Magic
  1979 | D:3      | Reached skill level 1 in Earth Magic
  1979 | D:3      | Reached skill level 1 in Poison Magic
  1982 | D:3      | Learned a level 2 spell: Static Discharge
  2014 | D:3      | Noticed Jessica
  2017 | D:3      | Killed Jessica
  2018 | D:3      | Reached XP level 5. HP: 37/37 MP: 8/12
  2268 | D:3      | Noticed Sigmund
  2273 | D:3      | Killed Sigmund
  2274 | D:3      | Reached XP level 6. HP: 33/44 MP: 3/14
  2280 | D:3      | Learned a level 1 spell: Apportation
  2396 | D:3      | Noticed Grinder
  2405 | D:3      | Paralysed by Grinder for 6 turns
  2416 | D:3      | Paralysed by Grinder for 7 turns
  2424 | D:3      | Killed Grinder
  2425 | D:3      | Reached XP level 7. HP: 11/51 MP: 1/15
  4121 | D:4      | Found a shimmering blue altar of Sif Muna.
  4419 | D:5      | Entered Level 5 of the Dungeon
  4519 | D:5      | Reached XP level 8. HP: 57/57 MP: 10/16
  4922 | D:5      | Found a white marble altar of Elyvilon.
  5425 | D:5      | Found a snail-covered altar of Cheibriados.
  5534 | D:6      | Reached *** piety under Qazlal
  5594 | D:6      | Learned a level 3 spell: Gell's Gravitas
  5949 | D:6      | Reached skill level 5 in Translocations
  5949 | D:6      | Reached skill level 5 in Invocations
  5949 | D:6      | Reached XP level 9. HP: 65/65 MP: 14/18
  5994 | D:6      | Found a glowing silver altar of Zin.
  5994 | D:6      | Found a burning altar of Makhleb.
  5995 | D:6      | Noticed a balrug
  5995 | D:6      | Noticed an angel
  6141 | D:6      | Found a broken altar of Ashenzari.
  6142 | D:6      | Found a bloodstained altar of Trog.
  6790 | D:7      | Noticed a cyan ugly thing
  6796 | D:6      | Slain by a cyan ugly thing

Illustrated notes

Levels and vault maps discovered:
D:1:      onia_arrival_mini_maze, layout_loops_ring,
          shapermc_ecumenical_altar_mp_highgroup, nrook_mini_backslash
D:2:      layout_rooms, serial_corexii_hall, corexii_hall_statues_u,
          chequers_hall_statues_y, chequers_hall_statues_y,
          chequers_hall_statues_corner_a
D:3:      layout_rooms, cheibrodos_sewer_entry_bend, uniq_grinder, uniq_sigmund,
          uniq_jessica
D:4:      layout_loops_corners, general_overflow_altar,
          eino_small_chamber_without_monster, hangedman_decor_lopped
D:5:      layout_cave_pools, elyvilon_altar_4, mainiacjoe_overflow_alcove_2
D:6:      layout_layer_cave, grunt_temple_overflow_order_and_chaos_2,
          nicolae_overflow_hidden_temple
D:7:      layout_basic, mainiacjoe_overflow_alcove_4,
          minmay_temple_entry_statues_pillars, uniq_joseph, uniq_menkaure,
          uniq_duvessa

Skill      XL: |  1  2  3  4  5  6  7  8 |
---------------+-------------------------+-----
Spellcasting   | 5 6 |  6.4
Fighting       | 1 2 3 |  3.9
Short Blades   | 1 2 3 |  3.9
Long Blades    | 1 2 3 |  3.9
Axes           | 1 2 3 |  3.9
Maces & Flails | 1 2 3 |  3.9
Polearms       | 1 2 3 |  3.9
Staves         | 1 2 3 |  3.9
Slings         | 1 2 3 |  3.9
Bows           | 1 2 3 |  3.9
Crossbows      | 1 2 3 |  3.9
Throwing       | 1 2 3 |  3.9
Armour         | 1 2 3 |  3.9
Dodging        | 1 2 3 |  3.9
Shields        | 1 2 3 |  3.9
Unarmed Combat | 1 2 3 |  3.9
Evocations     | 1 2 3 |  3.9
Conjurations   | 1 2 3 |  3.2
Hexes          | 1 2 3 |  3.2
Summonings     | 1 2 3 |  3.2
Necromancy     | 1 2 3 |  3.2
Transmutations | 1 2 3 |  3.2
Fire Magic     | 1 2 3 |  3.2
Ice Magic      | 1 2 3 |  3.2
Earth Magic    | 1 2 3 |  3.2
Poison Magic   | 1 2 3 |  3.2
Invocations    | 3 4 5 |  5.1
Stealth        | 3 4 |  4.6
Translocations | 4 5 |  5.0
Air Magic      | |  7.9

Action                   |  1- 3 |  4- 6 |  7- 9 || total
-------------------------+-------+-------+-------++-------
Melee: Dagger            |    14 |    23 |    21 ||    58
       Bite              |     1 |     1 |     4 ||     6
       Punch             |       |     1 |       ||     1
       Glaive            |       |       |    33 ||    33
Throw: Dart              |       |       |     3 ||     3
 Cast: Shock             |    57 |    48 |   136 ||   241
       Static Discharge  |       |       |     9 ||     9
Invok: Upheaval          |       |     3 |     2 ||     5
Evoke: Wand              |       |       |     2 ||     2
  Use: Potion            |       |     1 |     2 ||     3
       Scroll            |       |       |    15 ||    15
Armor: Robe              |     7 |     6 |    10 ||    23
       Ring mail         |       |       |     7 ||     7
Dodge: Dodged            |     8 |    15 |    31 ||    54
Block: Other             |       |       |    10 ||    10

Table legend: (Time is in decaauts)
 A = Elapsed time spent in this place.
 B = Non-inter-level travel time spent in this place.
 C = Inter-level travel time spent in this place.
 D = Time resting spent in this place.
 E = Time spent auto-exploring this place.
 F = Levels seen in this place.
 G = Mean time per level.
                   A        B        C        D        E       F      G
               +--------+--------+--------+--------+--------+-----+--------+
         Total |   6826 |   6615 |    211 |    488 |   5275 |   7 |  975.1 |
       Dungeon |   6826 |   6615 |    211 |    488 |   5275 |   7 |  975.1 |
               +--------+--------+--------+--------+--------+-----+--------+

Top non-repeatable levels by time:
     D:4: 1615 daAuts
     D:6: 1320 daAuts
     D:3: 1158 daAuts
     D:2: 1074 daAuts
     D:1: 856 daAuts
     D:5: 790 daAuts
     D:7: 10 daAuts
